 Dungeon Sprint DCSS version 0.29.1-1-gd02db6906a (webtiles) character file.

Game seed: 14458272430259821154

1097 Groucho the Unseen (level 8, -1/36 HPs)
             Began as a Spriggan Enchanter on Oct 14, 2022.
             Was an Initiate of Gozag.
             Slain by a hellwing (10 damage)
             ... in the Dungeon (Sprint VII: "The Pits").
             The game lasted 00:04:38 (1944 turns).

Groucho the Unseen (Spriggan Enchanter)             Turns: 1944, Time: 00:04:38

Health: -1/36      AC:  2    Str:  6    XL:     8   Next: 10%
Magic:  18/24      EV: 17    Int: 17    God:    Gozag
Gold:   1908       SH:  0    Dex: 15    Spells: 18/29 levels left

rFire   . . .      SeeInvis +   a - +2 dagger
rCold   . . .      Faith    .   (no shield)
rNeg    . . .      Spirit   .   b - +0 robe
rPois   .          Reflect  .   (helmet restricted)
rElec   .          Harm     .   (no cloak)
rCorr   .          Rampage  .   (gloves unavailable)
Will    +....      NoTele   +   (boots unavailable)
Stlth   +++++++...              (no amulet)
HPRegen 0.12/turn               (no ring)
MPRegen 0.19/turn               (no ring)

@: confusing by touch, very quick
A: very small, no large weapons, unfitting armour, see invisible, speed 3
a: Renounce Religion, Potion Petition, Call Merchant, Bribe Branch


You were in the Dungeon.
You worshipped Gozag.
Gozag was most pleased with you.
You visited 1 branch You collected 1908 gold pieces.

Inventory:

Hand Weapons
 a - a +2 dagger (weapon)
Missiles
 l - 10 stones (quivered)
Armour
 b - a +0 robe (worn)
Scrolls
 i - a scroll of blinking
 j - 5 scrolls of amnesia
 k - a scroll of summoning
Potions
 c - 4 potions of invisibility
 d - 6 potions of curing
 e - 6 potions of heal wounds
 f - a potion of haste
 g - 4 potions of magic
 h - 2 potions of berserk rage


   Skills:
 - Level 1.1 Short Blades
 - Level 2.6 Dodging
 * Level 19.2 Stealth
 + Level 11.0 Spellcasting
 + Level 11.3 Hexes


You had 18 spell levels left.
You knew the following spells:

 Your Spells              Type           Power      Damage    Failure   Level
a - Ensorcelled Hibernat  Hex/Ice        56%        N/A       1%          2
b - Confusing Touch       Hex            47%        N/A       1%          3
c - Dazzling Flash        Conj/Hex       56%        N/A       2%          3
d - Tukima's Dance        Hex            47%        N/A       1%          3

Your spell library contained the following spells:

 Spells                   Type           Power      Damage    Failure   Level


Dungeon Overview and Level Annotations

Branches:
Dungeon (1/1)

Altars:
Ashenzari
Cheibriados
Dithmenos
Elyvilon
Fedhas
Gozag
Hepliaklqana
Kikubaaqudgha
Makhleb
Nemelex Xobeh
Okawaru
Qazlal
Ru
Sif Muna
Trog
Uskayaw
Vehumet
Wu Jian
Xom
Yredelemnul
Zin
The Shining One
Jiyva
Lugonu


Innate Abilities, Weirdness & Mutations

You are very small and have problems with some larger weapons.
You are too small for most types of armour.
You have supernaturally acute eyesight. (SInv)
You cover ground extremely quickly. (Speed+++)


Message History

You start memorising the spell.
You continue memorising. x3
You finish memorising.
Spell assigned to 'c'.
Memorise Tukima's Dance, consuming 3 spell levels and leaving 18?
You start memorising the spell.
You continue memorising. x3
You finish memorising.
Spell assigned to 'd'.
Unknown command.
Unknown command.
You start resting.
You start resting.
HP restored.
You start waiting.
You start waiting.
There is an open door to the Storerooms (Easy) here.
You see here a +0 dagger.
There is an open door here.
The hellwing gives a chilling moan.
The hellwing hits you. x2
Casting: Ensorcelled Hibernation (safe; 1% risk of failure)
Confirm with . or Enter, or press ? or * to list all spells.
Aiming: Ensorcelled Hibernation (safe; 1% risk of failure)
Press: ? - help, Shift-Dir - straight line, f/p - hellwing
Aim: a hellwing (chance to affect: 25%)
The hellwing resists with almost no effort.
Casting: Ensorcelled Hibernation (safe; 1% risk of failure)
Confirm with . or Enter, or press ? or * to list all spells.
Aiming: Ensorcelled Hibernation (safe; 1% risk of failure)
Press: ? - help, Shift-Dir - straight line, f/p - hellwing
Aim: a hellwing (chance to affect: 25%)
The hellwing looks drowsy...
The hellwing gives a chilling moan.
The hellwing misses you. The hellwing hits you.
You hit the hellwing but do no damage. The hellwing misses you. x2
Casting: Ensorcelled Hibernation (safe; 1% risk of failure)
Confirm with . or Enter, or press ? or * to list all spells.
Your hands begin to glow red.
The hellwing hits you! x2
* * * LOW HITPOINT WARNING * * *
Unknown command.
You hit the hellwing but do no damage. The hellwing hits you!
You die...
Your body crumbles into a pile of gold.

#_________.#
#_______...#######
##########'##.....
#.?..')))).##.....
##########.##.....
#.......)...'.....
#'#####'#####.....
#.#...).#[[##.....
#@#.....#))#####)#
#4###'###))##.....
#.#.....#))##.....
#.#.....#..##.....
#.####'##'###...<.
#.#........##.....
#)#........##.....
#'###########.....
#.......#.)#######


You could see a hellwing.

Vanquished Creatures
  A two-headed ogre (D)
  A wyvern (D)
  A floating eye (D)
  An ogre (D)
  A wolf (D)
  An orc priest (D)
  An orc wizard (D)
  2 ufetubi (D)
  2 worms (D)
  2 orcs (D)
  2 endoplasms (D)
  2 goblins (D)
  12 jackals (D)
  A bat (D)
  2 kobolds (D)
  A quokka zombie (D)
  2 rats (D)
35 creatures vanquished.

Notes
Turn   | Place    | Note
-------+----------+-------------------------------------------
     0 | D        | Groucho the Spriggan Enchanter began the quest for the Orb.
     0 | D        | Reached XP level 1. HP: 9/9 MP: 5/5
    12 | D        | Reached skill level 5 in Stealth
    46 | D        | Found a bloodstained altar of Trog.
    46 | D        | Found a shimmering blue altar of Sif Muna.
    46 | D        | Found a viscous altar of Jiyva.
    46 | D        | Found a hazy altar of Hepliaklqana.
    46 | D        | Found an opulent altar of Gozag.
    47 | D        | Found a glowing golden altar of the Shining One.
    47 | D        | Found a glowing silver altar of Zin.
    47 | D        | Found a basalt altar of Yredelemnul.
    47 | D        | Found a shimmering altar of Xom.
    47 | D        | Found an ornate altar of the Wu Jian Council.
    47 | D        | Found a sacrificial altar of Ru.
    47 | D        | Found a stormy altar of Qazlal.
    47 | D        | Found an iron altar of Okawaru.
    47 | D        | Found a sparkling altar of Nemelex Xobeh.
    47 | D        | Found a burning altar of Makhleb.
    47 | D        | Found a blossoming altar of Fedhas.
    47 | D        | Found a white marble altar of Elyvilon.
    47 | D        | Found a shadowy altar of Dithmenos.
    47 | D        | Found a snail-covered altar of Cheibriados.
    51 | D        | Found a corrupted altar of Lugonu.
    51 | D        | Found a radiant altar of Vehumet.
    52 | D        | Found a broken altar of Ashenzari.
    52 | D        | Found an ancient bone altar of Kikubaaqudgha.
    52 | D        | Found a hide-covered altar of Uskayaw.
    70 | D        | Became a worshipper of Gozag Ym Sagoz the Greedy
   102 | D        | Reached skill level 6 in Stealth
   213 | D        | Reached XP level 2. HP: 13/13 MP: 7/7
   250 | D        | Learned a level 2 spell: Ensorcelled Hibernation
   271 | D        | Reached skill level 8 in Stealth
   271 | D        | Reached skill level 5 in Hexes
   271 | D        | Reached XP level 3. HP: 16/16 MP: 5/10
   289 | D        | Reached skill level 9 in Stealth
   289 | D        | Reached skill level 5 in Spellcasting
   338 | D        | Reached XP level 4. HP: 21/21 MP: 7/12
   897 | D        | Noticed a wolf
   906 | D        | Killed a wolf
   907 | D        | Reached skill level 12 in Stealth
   907 | D        | Reached XP level 5. HP: 23/24 MP: 11/15
  1205 | D        | Noticed a two-headed ogre
  1207 | D        | Killed a two-headed ogre
  1208 | D        | Reached skill level 18 in Stealth
  1208 | D        | Reached skill level 10 in Spellcasting
  1208 | D        | Reached skill level 10 in Hexes
  1208 | D        | Reached XP level 6. HP: 28/28 MP: 16/20
  1208 | D        | Reached XP level 7. HP: 32/32 MP: 16/21
  1347 | D        | Noticed a wyvern
  1348 | D        | Noticed a hellwing
  1579 | D        | Killed a wyvern
  1580 | D        | Reached skill level 19 in Stealth
  1580 | D        | Reached XP level 8. HP: 36/36 MP: 20/24
  1666 | D        | Learned a level 3 spell: Confusing Touch
  1670 | D        | Learned a level 3 spell: Dazzling Flash
  1674 | D        | Learned a level 3 spell: Tukima's Dance
  1944 | D        | Slain by a hellwing

Illustrated notes

Levels and vault maps discovered:
D:        pitsprint [storerooms_1, entrance_room_1, metal_vault_6, armoury_1,
          mini_pit_1, grid_room_1, main_hall_1, silver_pit, the_coven_2,
          the_vestibule_1, steel_vault_4, golden_pit, hallway_of_sentries,
          crystal_vault_2, iron_vault_5, final_vault]

Skill      XL: |  1  2  3  4  5  6  7 |
---------------+----------------------+-----
Stealth        | 6 8 9 12 18 19 | 19.2
Spellcasting   | 3 4 5 6 10 11 | 11.0
Hexes          | 4 5 7 10 11 | 11.3
Short Blades   | |  1.1
Dodging        | |  2.6

Action                   |  1- 3 |  4- 6 |  7- 9 || total
-------------------------+-------+-------+-------++-------
Melee: Dagger            |    16 |    39 |    18 ||    73
       Punch             |       |     1 |       ||     1
Throw: Stone             |     1 |       |       ||     1
 Cast: Ensorcelled Hiber |     5 |     7 |     6 ||    18
       Confusing Touch   |       |       |     1 ||     1
  Use: Potion            |     1 |       |       ||     1
 Stab: Sleeping          |    11 |     7 |     5 ||    23
Armor: Robe              |       |     3 |     2 ||     5
Dodge: Dodged            |     3 |    34 |    36 ||    73
